 Dungeon Crawl Stone Soup version 0.20-a0-673-g53087c7 (webtiles) character file.

240 M4edhros the Covert (level 6, -1/38 HPs)
             Began as an Octopode Artificer on Feb 18, 2017.
             Slain by an ogre
             ... wielding a +0 giant club
              (29 damage)
             ... on level 4 of the Dungeon.
             The game lasted 00:01:04 (1077 turns).

M4edhros the Covert (Octopode Artificer)            Turns: 1077, Time: 00:01:05

Health: -1/38      AC:  1    Str: 11    XL:     6   Next: 8%
Magic:  8/8        EV:  8    Int: 13    God:
Gold:   44         SH: 11    Dex: 15    Spells: 5/5 levels left

rFire    . . .     SeeInvis .   a - +0 short sword
rCold    . . .     Gourm    .   k - +1 large shield
rNeg     . . .     Faith    .   (helmet restricted)
rPois    .         Spirit   .   (no amulet)
rElec    .         Reflect  .   (no ring)
rCorr    .         Harm     .   (no ring)
MR       .....                  (no ring)
Stlth    +++++.....             (no ring)
Regen    0.2/turn               (no ring)
MPRegen  0.2/turn               (no ring)
                                (no ring)
                                (no ring)

@: no status effects
A: almost no armour, stealthy swim, amphibious, 8 rings, constrict 8, camouflage
1, gelatinous body 1
a: no special abilities


You were on level 4 of the Dungeon.
You were not hungry.

You visited 1 branch of the dungeon, and saw 4 of its levels.

You collected 44 gold pieces.

Inventory:

Hand Weapons
 a - a +0 short sword (weapon)
Armour
 k - a +1 large shield (worn)
Wands
 b - a wand of flame (15/48)
 c - a wand of enslavement (15/24)
 d - a wand of random effects (15/48)
 j - a wand of flame (15/48)
Scrolls
 g - a scroll of magic mapping {unknown}
 l - 5 scrolls of teleportation {unknown}
Potions
 e - a potion of haste {unknown}
 h - a potion of lignification {unknown}
 i - a potion of heal wounds {unknown}
Comestibles
 f - a bread ration


   Skills:
 - Level 1.0 Fighting
 - Level 1.0 Short Blades
 - Level 2.0 Dodging
 + Level 8.5 Stealth
 - Level 3.2 Evocations


You had 5 spell levels left.
You didn't know any spells.

Dungeon Overview and Level Annotations

Branches:
Dungeon (4/15)
 Temple: D:4-7

Altars:


Innate Abilities, Weirdness & Mutations

You cannot wear most types of armour.
You are very stealthy in the water. (Stealth+)
You are amphibious.
You can wear up to eight rings at the same time.
You can use your tentacles to constrict eight enemies at once.
Your skin changes colour to match your surroundings (Stealth+).
Your rubbery body absorbs attacks. (AC +1, EV +1)


Message History

a dagger; a robe Eating a chunk of flesh.
You eat the chunk of flesh.
This raw flesh tastes terrible.
Things that are here:
a dagger; a robe An ogre comes into view.
It is wielding a giant club.
The ogre shouts!
You hit the ogre.
The ogre is lightly wounded.
The ogre hits you with a giant club!
An ogre is nearby!
You hit the ogre.
The ogre is lightly wounded.
The ogre barely misses you.
An ogre is nearby!
You hit the ogre but do no damage.
The ogre is lightly wounded.
The ogre hits you with a giant club!!
Ouch! That really hurt!
You die...

#)####.#..#.#..###..#.#
#.#<.##..##.##..##
.##.#..#..##..†##..#
..........##........#
#.##.#..#..##†..##..#
#.....##..##.##..##
.......#.#..###..#.#
...(....##O#..#..#)##
####.#### #@#...#.#.#
#. ########### #


You could see an ogre.

Vanquished Creatures
  Menkaure (D:4)
  An orc wizard (D:4)
  Ijyb (D:3)
  An adder (D:4)
  2 oozes
  A worm (D:2)
  2 dart slugs
  2 leopard geckos (D:4)
  3 ball pythons
  6 bats
  4 giant cockroaches
  A goblin (D:3)
  3 hobgoblins
  A jackal (D:2)
  3 frilled lizards
  A kobold (D:1)
  A rat (D:3)
34 creatures vanquished.

Notes
Turn   | Place    | Note
-------+----------+-------------------------------------------
     0 | D:1      | M4edhros the Octopode Artificer began the quest for the Orb.
     0 | D:1      | Reached XP level 1. HP: 13/13 MP: 3/3
    17 | D:1      | Reached skill level 2 in Stealth
   107 | D:1      | Reached skill level 3 in Stealth
   107 | D:1      | Reached XP level 2. HP: 15/18 MP: 4/4
   226 | D:2      | Reached skill level 4 in Stealth
   329 | D:2      | Reached XP level 3. HP: 19/23 MP: 5/5
   481 | D:3      | Noticed Ijyb
   501 | D:3      | Killed Ijyb
   501 | D:3      | Reached skill level 5 in Stealth
   501 | D:3      | Reached XP level 4. HP: 17/28 MP: 6/6
   848 | D:4      | Noticed Menkaure
   854 | D:4      | Killed Menkaure
   854 | D:4      | Reached skill level 7 in Stealth
   854 | D:4      | Reached XP level 5. HP: 15/33 MP: 7/7
  1041 | D:4      | Reached skill level 8 in Stealth
  1061 | D:4      | Reached XP level 6. HP: 38/38 MP: 8/8
  1077 | D:4      | Slain by an ogre

Vault maps used:
D:1:      dpeg_arrival_simpleton_a
D:2:      first_bread, kennysheep_crisscross, minmay_unequal, uniq_robin,
          uniq_crazy_yiuf_cottage, uniq_jessica
D:3:      uniq_iyjb
D:4:      minmay_diamond_boxcup, minmay_misc_feat_iff, uniq_menkaure

Skill      XL: |  1  2  3  4  5 |
---------------+----------------+-----
Stealth        | 3 4 5 7 8 |  8.5
Fighting       | |  1.0
Short Blades   | |  1.0
Dodging        | |  2.0
Evocations     | |  3.2

Action                   |  1- 3 |  4- 6 || total
-------------------------+-------+-------++-------
Melee: Short sword       |    57 |    21 ||    78
       Constrict         |    14 |     4 ||    18
       Tentacles         |     6 |       ||     6
  Use: Scroll            |       |     1 ||     1
 Stab: Sleeping          |     9 |     8 ||    17
  Eat: Chunk             |       |     1 ||     1
Armor: Skin              |     9 |       ||     9
Dodge: Dodged            |    46 |     4 ||    50
Block: Large shield      |       |     2 ||     2
